 Dungeon Crawl Stone Soup version 0.31-a0-221-gbddc013574 (webtiles) character file.

Game seed: 6309749940718517112

91 Anon1729 the Trooper (level 4, -4/37 HPs)
             Began as a Mummy Monk on July 4, 2023.
             Killed from afar by an orc wizard (7 damage)
             ... with a magic dart
             ... on level 3 of the Dungeon.
             The game lasted 00:01:53 (1924 turns).

Anon1729 the Trooper (Mummy Monk)                   Turns: 1924, Time: 00:01:54

Health: -4/37      AC:  2    Str: 16    XL:     4   Next: 34%
Magic:  4/4        EV: 13    Int:  9    God:
Gold:   96         SH:  0    Dex: 14    Spells: 3/3 levels left

rFire   x . .        a - +0 spear
rCold   + . .        c - orb {light}
rNeg    + + +        b - +0 robe
rPois   ∞            (no helmet)
rElec   .            (no cloak)
rCorr   .            (no gloves)
SInv    .            (no boots)
Will    .....        (no amulet)
Stlth   +            e - +4 ring of slaying
HPRegen 0.26/turn    (no ring)
MPRegen 0.09/turn

%: faith
@: glowing
A: cold resistance 1, negative energy resistance 3, torment resistance 2, heat
vulnerability 1, in touch with death 1, no potions, faith
a: no special abilities


You were on level 3 of the Dungeon.
You visited 1 branch of the dungeon, and saw 3 of its levels.

You collected 124 gold pieces.
You spent 28 gold pieces at shops.

Inventory:

Hand Weapons
 a - a +0 spear (weapon)
 g - a +0 sling
Missiles
 f - 3 boomerangs
 h - 20 stones
 m - a throwing net
Armour
 b - a +0 robe (worn)
 c - an orb of light (worn)
Jewellery
 e - a +4 ring of slaying (left hand)
 j - a ring of ice
Wands
 k - a wand of flame (20)
Scrolls
 d - 2 scrolls of identify
 i - 2 scrolls of immolation
 l - a scroll of blinking
 n - a scroll of teleportation {unknown}


   Skills:
 + Level 3.7 Fighting
 + Level 3.0 Polearms
 + Level 0.7 Throwing
 + Level 0.8 Armour
 + Level 3.0 Dodging


You had 3 spell levels left.
You didn't know any spells.
Your spell library contained the following spells:

 Spells                   Type           Power      Damage    Failure   Level
 Magic Dart               Conj           0%         1d3       38%         1
 Necrotise                Necr           0%         1d4       38%         1
 Searing Ray              Conj           0%         2d4       52%         2
 Vampiric Draining        Necr           0%         2d6       77%         3
 Fulminant Prism          Conj/Hex       0%         3d5       99%         4
 Agony                    Necr           0%         N/A       100%        5


Dungeon Overview and Level Annotations

Branches:
Dungeon (3/15)

Altars:

Shops:
D:3 *


Innate Abilities, Weirdness & Mutations

You are immune to poison.
Your flesh is cold resistant. (rC+)
You are immune to negative energy. (rN+++)
You are immune to unholy pain and torment.
You are vulnerable to heat. (rF-)
You are in touch with the powers of death.
You do not drink.
You have a special connection with the divine. (Faith)


Message History

Unknown command.
Unknown command.
You hit the orc wizard.
The orc wizard is almost dead.
The orc wizard barely misses you.
You closely miss the orc wizard.
The orc wizard is almost dead.
The orc wizard hits you with a +0 dagger.
The orc wizard attacks as you move away!
The orc wizard closely misses you.
You bump into the rock wall.
The orc wizard points at you and mumbles some strange words.
The puff of flame hits you!! The fire burns you terribly!
Ouch! That really hurt!
You barely miss the orc wizard.
The orc wizard is almost dead.
The orc wizard gestures at you while chanting.
The magic dart hits you!
* * * LOW HITPOINT WARNING * * *
The orc wizard gestures at you while chanting.
The puff of flame hits you. The fire burns you terribly!
* * * LOW HITPOINT WARNING * * *
You're too confused to aim your attacks!
You can't drink.
You are too confused!
Unknown command.
You are too confused!
Unknown command.
You are too confused!
Unknown command.
Non-targeted confused throw: 3 boomerangs
Press: ? - help, Dir - look around, f - activate Look: an orc wizard, wielding a +0 dagger and wearing a +0 robe (almost dead, slightly transparent, haloed)
You throw a boomerang.
You feel less confused.
You hit the orc wizard.
The orc wizard is almost dead.
The orc wizard gestures at you while chanting.
The magic dart hits you!
You die...

#...................#
.....##.#####.......#
. ..... #.# #.......#
.. ..#####.#
###.......# ... ..
#....# #.........#
.... #....#
#...#+##### .....
#....###...#.#
......##....##......#
......Soo@...'.....!#
##.#.###....##.....##
#....##.....#
#....##.....#
####.##.....#
#<######## ###


You could see an orc wizard (invisible), an orc and a ball python.

Vanquished Creatures
  4 adders
  A worm (D:2)
  An orc (D:3)
  6 bats
  3 endoplasms (D:1)
  2 giant cockroaches
  3 goblins
  9 hobgoblins
  3 quokkas
  7 ball pythons
  A frilled lizard (D:1)
  5 kobolds
  5 rats
50 creatures vanquished.

Notes
Turn   | Place    | Note
-------+----------+-------------------------------------------
     0 | D:1      | Anon1729 the Mummy Monk began the quest for the Orb.
     0 | D:1      | Reached XP level 1. HP: 18/18 MP: 1/1
   155 | D:1      | Reached XP level 2. HP: 21/24 MP: 2/2
   718 | D:2      | Gained mutation: You are in touch with the powers of death.
                  | [Mummy growth]
   718 | D:2      | Reached XP level 3. HP: 29/29 MP: 3/3
   821 | D:2      | Found a faded altar of an unknown god.
  1560 | D:3      | Reached XP level 4. HP: 32/37 MP: 4/4
  1613 | D:3      | Found Qeicimiq's General Store.
  1622 | D:3      | Bought a scroll of identify for 28 gold pieces
  1924 | D:3      | Killed from afar by an orc wizard

Illustrated notes

Levels and vault maps discovered:
D:1:      matt_arrival_spirals, layout_rooms, minmay_pentomino_u2
D:2:      layout_loops_corners, basic_altar, ebering_ecumenical_altar_petrified
D:3:      layout_basic, gammafunk_temple_overflow_wave, serial_shops,
          nicolae_shop_tiny_glass

Skill      XL: |  1  2  3  4 |
---------------+-------------+-----
Dodging        | 3 |  3.0
Polearms       | 3 |  3.0
Fighting       | |  3.7
Throwing       | |  0.7
Armour         | |  0.8

Action                     |  1- 3 |  4- 6 || total
---------------------------+-------+-------++-------
  Melee: Spear             |    85 |    32 ||   117
  Throw: Boomerang         |       |     1 ||     1
    Use: Scroll            |       |     2 ||     2
 Armour: Robe              |     3 |     2 ||     5
  Dodge: Dodged            |    33 |    17 ||    50

Table legend: (Time is in decaauts)
 A = Elapsed time spent in this place.
 B = Non-inter-level travel time spent in this place.
 C = Inter-level travel time spent in this place.
 D = Time resting spent in this place.
 E = Time spent auto-exploring this place.
 F = Levels seen in this place.
 G = Mean time per level.
                   A        B        C        D        E       F      G
               +--------+--------+--------+--------+--------+-----+--------+
         Total |   1918 |   1814 |    104 |      0 |   1549 |   3 |  639.3 |
       Dungeon |   1918 |   1814 |    104 |      0 |   1549 |   3 |  639.3 |
               +--------+--------+--------+--------+--------+-----+--------+

Top non-repeatable levels by time:
     D:2: 860 daAuts
     D:1: 634 daAuts
     D:3: 423 daAuts
